[ PARTIDA AOE2 · #466583253 ]
UnrankedVietnamitas vs Spanish
Equipo del jugador · DERR
[ ANÁLISIS DE REPETICIÓN · EXTRAÍDO DE LA PARTIDA GRABADA ]
Feudal
9:44
Castillos
25:04
Imperial
49:18
| APM promedio | 54.4 |
| APM pico | 88 |
| eAPM promedio | 27.4 |
| Aldeanos / militares | 139 / 197 |
Foco
⚔️ 31.2% · 🌾 68.8%
Archer ×101 · Skirmisher ×94 · Spearman ×2
Feudal
11:15
Castillos
17:31
Imperial
44:35
| APM promedio | 40.6 |
| APM pico | 71 |
| eAPM promedio | 23.2 |
| Aldeanos / militares | 201 / 146 |
Foco
⚔️ 45.6% · 🌾 54.4%
Conquistador ×140 · Militia ×3 · Trebuchet (Packed) ×3
Feudal
—
Castillos
—
Imperial
—
| APM promedio | 66.3 |
| APM pico | 130 |
| eAPM promedio | 29.4 |
| Aldeanos / militares | 160 / 149 |
Foco
⚔️ 35.4% · 🌾 64.6%
Knight ×65 · Spearman ×55 · Scout Cavalry ×29
Feudal
8:27
Castillos
24:53
Imperial
44:44
| APM promedio | 53.9 |
| APM pico | 76 |
| eAPM promedio | 25.5 |
| Aldeanos / militares | 137 / 221 |
Foco
⚔️ 42.1% · 🌾 57.9%
Scout Cavalry ×127 · Camel Scout ×77 · Knight ×16 · Steppe Lancer ×1
Feudal
8:54
Castillos
27:00
Imperial
41:22
| APM promedio | 57.7 |
| APM pico | 104 |
| eAPM promedio | 19.0 |
| Aldeanos / militares | 153 / 134 |
Foco
⚔️ 32.7% · 🌾 67.3%
Knight ×73 · Scout Cavalry ×54 · Monk ×5 · Spearman ×2
Feudal
9:19
Castillos
26:04
Imperial
45:53
| APM promedio | 56.9 |
| APM pico | 85 |
| eAPM promedio | 24.2 |
| Aldeanos / militares | 159 / 113 |
Foco
⚔️ 40.2% · 🌾 59.8%
Unknown (1968) ×69 · Spearman ×67 · Archer ×31 · Skirmisher ×11 · Militia ×4
Feudal
9:52
Castillos
32:04
Imperial
—
| APM promedio | 44.7 |
| APM pico | 73 |
| eAPM promedio | 28.6 |
| Aldeanos / militares | 244 / 219 |
Foco
⚔️ 37.8% · 🌾 62.2%
Spearman ×138 · Archer ×79 · Eagle Scout ×2
Feudal
—
Castillos
—
Imperial
—
| APM promedio | 46.5 |
| APM pico | 74 |
| eAPM promedio | 22.2 |
| Aldeanos / militares | 143 / 229 |
Foco
⚔️ 35.9% · 🌾 64.1%
Knight ×167 · Skirmisher ×38 · Scout Cavalry ×19 · Spearman ×4 · Militia ×1
Mapa de la partida
Recursos iniciales + cada clic de construcción. Líneas = muros · curvas = relieve. ◆ oro · ⬟ piedra · ● bayas · ✦ reliquia · ◌ hueco del cierre
Inputs por minuto
— [SEID]_Dracarys_ - - Oni.Nego
Build order — [SEID]_Dracarys_
Primeras 150 de 529 acciones detectadas
| 0:02 | Construir | House |
| 0:03 | Construir | House |
| 0:04 | Crear | Villager (Male) |
| 0:04 | Crear | Villager (Male) |
| 0:18 | Crear | Villager (Male) |
| 0:18 | Crear | Villager (Male) |
| 0:18 | Crear | Villager (Male) |
| 0:19 | Crear | Villager (Male) |
| 1:24 | Crear | Villager (Male) |
| 1:24 | Crear | Villager (Male) |
| 1:55 | Crear | Villager (Male) |
| 1:55 | Crear | Villager (Male) |
| 2:07 | Construir | Lumber Camp |
| 2:10 | Crear | Villager (Male) |
| 2:10 | Crear | Villager (Male) |
| 2:44 | Crear | Villager (Male) |
| 2:44 | Crear | Villager (Male) |
| 2:44 | Crear | Villager (Male) |
| 2:58 | Crear | Villager (Male) |
| 2:58 | Crear | Villager (Male) |
| 3:28 | Construir | House |
| 3:35 | Construir | House |
| 3:45 | Crear | Villager (Male) |
| 3:45 | Crear | Villager (Male) |
| 4:10 | Crear | Villager (Male) |
| 4:10 | Crear | Villager (Male) |
| 5:03 | Crear | Villager (Male) |
| 5:03 | Crear | Villager (Male) |
| 5:03 | Crear | Villager (Male) |
| 5:13 | Construir | Mill |
| 5:16 | Crear | Villager (Male) |
| 5:17 | Crear | Villager (Male) |
| 5:51 | Crear | Villager (Male) |
| 5:58 | Construir | House |
| 6:56 | Investigar | Loom |
| 6:56 | Investigar | Loom |
| 7:13 | Investigar | Feudal Age |
| 7:55 | Construir | Barracks |
| 7:57 | Construir | Palisade Wall |
| 7:59 | Construir | Palisade Wall |
| 8:00 | Construir | Palisade Wall |
| 8:24 | Construir | Mining Camp |
| 8:32 | Construir | Palisade Wall |
| 8:33 | Construir | Palisade Wall |
| 8:43 | Construir | Palisade Wall |
| 9:09 | Crear | Villager (Male) |
| 9:11 | Construir | House |
| 9:44 | Edad | Edad Feudal |
| 9:47 | Construir | Archery Range |
| 10:09 | Investigar | Double-Bit Axe |
| 10:17 | Construir | House |
| 10:21 | Construir | Building 796 |
| 10:25 | Construir | Palisade Wall |
| 10:34 | Crear | Archer |
| 10:34 | Crear | Archer |
| 10:40 | Crear | Villager (Male) |
| 11:01 | Construir | House |
| 11:07 | Construir | House |
| 11:09 | Crear | Villager (Male) |
| 11:09 | Crear | Villager (Male) |
| 11:10 | Crear | Villager (Male) |
| 11:20 | Construir | Archery Range |
| 11:20 | Crear | Villager (Male) |
| 11:25 | Construir | Palisade Wall |
| 11:28 | Crear | Villager (Male) |
| 11:41 | Construir | Palisade Wall |
| 11:46 | Crear | Archer |
| 11:46 | Crear | Archer |
| 11:49 | Crear | Spearman |
| 11:54 | Construir | Palisade Wall |
| 11:55 | Construir | Palisade Wall |
| 12:17 | Crear | Archer |
| 12:17 | Crear | Archer |
| 12:23 | Construir | Palisade Wall |
| 12:25 | Construir | Palisade Wall |
| 12:27 | Construir | Palisade Wall |
| 12:51 | Crear | Archer |
| 12:51 | Crear | Archer |
| 13:03 | Construir | Blacksmith |
| 13:06 | Crear | Villager (Male) |
| 13:10 | Crear | Archer |
| 13:10 | Crear | Archer |
| 13:15 | Crear | Villager (Male) |
| 13:23 | Crear | Archer |
| 13:35 | Crear | Villager (Male) |
| 13:38 | Crear | Villager (Male) |
| 13:40 | Construir | Farm |
| 13:51 | Crear | Spearman |
| 13:56 | Investigar | Fletching |
| 14:02 | Crear | Villager (Male) |
| 14:04 | Construir | Farm |
| 14:09 | Construir | Farm |
| 14:16 | Construir | Palisade Wall |
| 14:23 | Construir | Palisade Wall |
| 14:24 | Construir | Palisade Wall |
| 14:35 | Construir | House |
| 14:38 | Construir | House |
| 14:40 | Construir | Palisade Wall |
| 14:43 | Construir | House |
| 14:48 | Crear | Archer |
| 14:49 | Crear | Archer |
| 14:49 | Crear | Villager (Male) |
| 14:49 | Crear | Villager (Male) |
| 14:50 | Crear | Villager (Male) |
| 15:08 | Crear | Archer |
| 15:09 | Crear | Archer |
| 15:10 | Crear | Villager (Male) |
| 15:34 | Construir | Lumber Camp |
| 15:42 | Crear | Villager (Male) |
| 15:42 | Crear | Villager (Male) |
| 15:43 | Crear | Archer |
| 15:44 | Crear | Archer |
| 15:44 | Crear | Archer |
| 15:57 | Construir | Building 796 |
| 16:10 | Construir | Farm |
| 16:20 | Crear | Archer |
| 16:26 | Investigar | Padded Archer Armor |
| 16:26 | Investigar | Padded Archer Armor |
| 16:34 | Crear | Villager (Male) |
| 16:35 | Construir | Farm |
| 16:55 | Crear | Archer |
| 16:55 | Crear | Archer |
| 16:56 | Crear | Villager (Male) |
| 17:04 | Crear | Archer |
| 17:04 | Crear | Archer |
| 17:09 | Construir | Farm |
| 17:11 | Construir | Farm |
| 17:13 | Crear | Archer |
| 17:22 | Construir | Palisade Wall |
| 17:31 | Crear | Archer |
| 17:31 | Crear | Archer |
| 17:34 | Construir | Farm |
| 17:48 | Construir | House |
| 17:53 | Construir | Farm |
| 17:54 | Construir | Farm |
| 17:55 | Construir | Farm |
| 17:58 | Crear | Archer |
| 17:58 | Crear | Archer |
| 18:11 | Construir | Watch Tower |
| 18:27 | Crear | Archer |
| 18:28 | Crear | Villager (Male) |
| 18:29 | Crear | Villager (Male) |
| 18:33 | Construir | Farm |
| 18:34 | Construir | Farm |
| 18:34 | Construir | Farm |
| 18:41 | Crear | Archer |
| 18:42 | Crear | Archer |
| 19:11 | Crear | Villager (Male) |
| 19:28 | Construir | Market |
| 19:46 | Construir | House |
Build order — Oni.Nego
Primeras 150 de 495 acciones detectadas
| 0:02 | Crear | Villager (Male) |
| 0:02 | Crear | Villager (Male) |
| 0:02 | Crear | Villager (Male) |
| 0:02 | Crear | Villager (Male) |
| 0:03 | Construir | House |
| 0:05 | Construir | House |
| 1:30 | Crear | Villager (Male) |
| 1:30 | Crear | Villager (Male) |
| 2:06 | Crear | Villager (Male) |
| 2:06 | Crear | Villager (Male) |
| 2:19 | Construir | Lumber Camp |
| 2:28 | Crear | Villager (Male) |
| 2:28 | Crear | Villager (Male) |
| 2:52 | Crear | Villager (Male) |
| 2:52 | Crear | Villager (Male) |
| 3:43 | Crear | Villager (Male) |
| 3:44 | Crear | Villager (Male) |
| 3:44 | Crear | Villager (Male) |
| 3:44 | Crear | Villager (Male) |
| 3:50 | Construir | House |
| 4:03 | Crear | Villager (Male) |
| 4:03 | Crear | Villager (Male) |
| 4:20 | Construir | Palisade Wall |
| 4:35 | Crear | Villager (Male) |
| 5:02 | Construir | House |
| 5:15 | Crear | Villager (Male) |
| 5:16 | Crear | Villager (Male) |
| 5:30 | Crear | Villager (Male) |
| 5:44 | Construir | Barracks |
| 6:19 | Construir | House |
| 6:21 | Crear | Militia |
| 6:22 | Crear | Militia |
| 6:44 | Crear | Militia |
| 6:47 | Construir | Palisade Wall |
| 6:51 | Crear | Villager (Male) |
| 6:58 | Crear | Villager (Male) |
| 7:53 | Crear | Villager (Male) |
| 7:53 | Crear | Villager (Male) |
| 7:56 | Construir | Mining Camp |
| 9:04 | Construir | Mill |
| 9:05 | Investigar | Feudal Age |
| 9:21 | Construir | Palisade Wall |
| 10:30 | Construir | Mining Camp |
| 10:51 | Crear | Villager (Male) |
| 11:11 | Construir | Palisade Wall |
| 11:15 | Edad | Edad Feudal |
| 11:16 | Construir | Palisade Wall |
| 11:19 | Crear | Villager (Male) |
| 11:27 | Construir | Market |
| 11:38 | Crear | Villager (Male) |
| 11:46 | Construir | Palisade Wall |
| 11:50 | Crear | Villager (Male) |
| 11:53 | Construir | House |
| 12:24 | Crear | Villager (Male) |
| 12:30 | Construir | Palisade Wall |
| 13:09 | Construir | Palisade Wall |
| 13:14 | Construir | House |
| 13:26 | Construir | Palisade Wall |
| 13:47 | Construir | Palisade Wall |
| 14:06 | Construir | Palisade Wall |
| 14:34 | Construir | Blacksmith |
| 14:35 | Crear | Villager (Male) |
| 14:51 | Investigar | Castle Age |
| 15:00 | Construir | Farm |
| 15:02 | Construir | Farm |
| 15:09 | Investigar | Loom |
| 15:28 | Construir | Farm |
| 15:30 | Construir | Farm |
| 15:44 | Construir | Farm |
| 15:59 | Construir | Farm |
| 16:02 | Construir | Farm |
| 16:26 | Construir | Farm |
| 17:31 | Edad | Edad de los Castillos |
| 17:46 | Construir | Castle |
| 17:47 | Crear | Villager (Male) |
| 17:52 | Construir | Farm |
| 17:53 | Investigar | Padded Archer Armor |
| 17:56 | Construir | Farm |
| 18:01 | Construir | Farm |
| 18:01 | Crear | Villager (Male) |
| 18:23 | Crear | Conquistador |
| 18:23 | Crear | Conquistador |
| 18:35 | Construir | Building 796 |
| 18:46 | Crear | Conquistador |
| 18:46 | Crear | Conquistador |
| 18:59 | Construir | Farm |
| 19:04 | Construir | Farm |
| 19:07 | Crear | Villager (Male) |
| 19:08 | Crear | Villager (Male) |
| 19:16 | Construir | House |
| 19:29 | Crear | Conquistador |
| 19:30 | Crear | Conquistador |
| 19:36 | Crear | Villager (Male) |
| 19:40 | Construir | Farm |
| 20:01 | Crear | Conquistador |
| 20:01 | Crear | Conquistador |
| 20:05 | Crear | Conquistador |
| 20:05 | Crear | Conquistador |
| 20:08 | Crear | Villager (Male) |
| 20:08 | Crear | Villager (Male) |
| 20:12 | Construir | Farm |
| 20:31 | Crear | Conquistador |
| 20:31 | Crear | Villager (Male) |
| 20:31 | Crear | Villager (Male) |
| 20:46 | Crear | Villager (Male) |
| 20:51 | Construir | Mill |
| 21:00 | Crear | Conquistador |
| 21:18 | Crear | Conquistador |
| 21:19 | Crear | Villager (Male) |
| 21:27 | Crear | Villager (Male) |
| 21:27 | Crear | Villager (Male) |
| 21:57 | Crear | Conquistador |
| 21:58 | Crear | Conquistador |
| 22:06 | Crear | Villager (Male) |
| 22:06 | Crear | Villager (Male) |
| 22:16 | Construir | Farm |
| 22:17 | Construir | Farm |
| 22:18 | Construir | Farm |
| 22:18 | Crear | Villager (Male) |
| 22:30 | Investigar | Leather Archer Armor |
| 22:31 | Crear | Villager (Male) |
| 22:56 | Construir | Building 796 |
| 22:58 | Crear | Villager (Male) |
| 23:00 | Construir | House |
| 23:05 | Construir | House |
| 23:06 | Crear | Conquistador |
| 23:07 | Crear | Conquistador |
| 23:15 | Crear | Villager (Male) |
| 23:17 | Construir | House |
| 23:18 | Construir | House |
| 23:19 | Construir | Stone Wall |
| 23:21 | Crear | Villager (Male) |
| 23:26 | Investigar | Horse Collar |
| 23:26 | Investigar | Horse Collar |
| 23:36 | Investigar | Double-Bit Axe |
| 23:48 | Crear | Conquistador |
| 24:03 | Crear | Villager (Male) |
| 24:03 | Crear | Villager (Male) |
| 24:06 | Crear | Villager (Male) |
| 24:25 | Crear | Villager (Male) |
| 24:32 | Crear | Villager (Male) |
| 24:44 | Construir | Farm |
| 24:54 | Crear | Villager (Male) |
| 24:57 | Crear | Conquistador |
| 24:58 | Crear | Conquistador |
| 25:00 | Crear | Conquistador |
| 25:06 | Crear | Villager (Male) |
| 25:42 | Crear | Conquistador |
| 25:42 | Crear | Conquistador |
| 25:48 | Construir | Barracks |
Build order — CoterLee
Primeras 150 de 491 acciones detectadas
| 0:02 | Crear | Villager (Male) |
| 0:04 | Construir | House |
| 0:05 | Construir | House |
| 0:26 | Crear | Villager (Male) |
| 0:26 | Crear | Villager (Male) |
| 0:27 | Crear | Villager (Male) |
| 1:34 | Crear | Villager (Male) |
| 1:34 | Crear | Villager (Male) |
| 2:04 | Crear | Villager (Male) |
| 2:05 | Crear | Villager (Male) |
| 2:07 | Crear | Villager (Male) |
| 2:07 | Crear | Villager (Male) |
| 2:26 | Crear | Villager (Male) |
| 2:26 | Crear | Villager (Male) |
| 3:17 | Crear | Villager (Male) |
| 3:17 | Crear | Villager (Male) |
| 3:23 | Construir | Lumber Camp |
| 3:48 | Crear | Villager (Male) |
| 3:52 | Construir | House |
| 3:57 | Crear | Villager (Male) |
| 3:57 | Crear | Villager (Male) |
| 4:31 | Crear | Villager (Male) |
| 5:04 | Crear | Villager (Male) |
| 5:04 | Crear | Villager (Male) |
| 5:07 | Crear | Villager (Male) |
| 5:25 | Construir | Barracks |
| 5:30 | Crear | Villager (Male) |
| 6:00 | Construir | House |
| 6:13 | Crear | Villager (Male) |
| 6:51 | Crear | Villager (Male) |
| 7:22 | Investigar | Feudal Age |
| 7:22 | Investigar | Feudal Age |
| 8:15 | Construir | Lumber Camp |
| 9:05 | Construir | House |
| 9:34 | Crear | Villager (Male) |
| 9:38 | Investigar | Double-Bit Axe |
| 9:41 | Construir | Stable |
| 9:44 | Construir | Stable |
| 9:59 | Crear | Villager (Male) |
| 10:14 | Construir | Mill |
| 10:31 | Crear | Villager (Male) |
| 10:39 | Crear | Scout Cavalry |
| 10:59 | Crear | Scout Cavalry |
| 11:20 | Crear | Scout Cavalry |
| 11:25 | Construir | Farm |
| 11:25 | Construir | Farm |
| 11:35 | Construir | House |
| 11:39 | Crear | Scout Cavalry |
| 11:51 | Construir | Farm |
| 12:00 | Crear | Scout Cavalry |
| 12:13 | Crear | Scout Cavalry |
| 12:22 | Construir | Farm |
| 12:22 | Construir | Farm |
| 12:22 | Construir | Farm |
| 12:22 | Construir | Farm |
| 12:26 | Construir | House |
| 12:48 | Construir | Farm |
| 12:48 | Crear | Villager (Male) |
| 12:49 | Crear | Scout Cavalry |
| 12:52 | Construir | House |
| 13:01 | Construir | Palisade Wall |
| 13:06 | Construir | Palisade Wall |
| 13:12 | Crear | Scout Cavalry |
| 13:16 | Construir | Farm |
| 13:19 | Investigar | Loom |
| 13:39 | Crear | Scout Cavalry |
| 13:49 | Investigar | Bloodlines |
| 13:49 | Investigar | Bloodlines |
| 14:06 | Construir | Mining Camp |
| 14:28 | Crear | Villager (Male) |
| 14:29 | Crear | Scout Cavalry |
| 14:40 | Crear | Scout Cavalry |
| 14:59 | Crear | Scout Cavalry |
| 15:21 | Crear | Scout Cavalry |
| 15:21 | Crear | Scout Cavalry |
| 15:22 | Crear | Spearman |
| 15:48 | Investigar | Loom |
| 15:48 | Investigar | Loom |
| 15:54 | Construir | Palisade Wall |
| 15:55 | Construir | Palisade Wall |
| 15:56 | Construir | Palisade Wall |
| 16:01 | Construir | Palisade Wall |
| 16:05 | Crear | Scout Cavalry |
| 16:05 | Crear | Scout Cavalry |
| 16:05 | Crear | Scout Cavalry |
| 16:19 | Crear | Villager (Male) |
| 16:31 | Crear | Villager (Male) |
| 16:34 | Construir | Farm |
| 16:34 | Construir | Farm |
| 16:34 | Construir | Farm |
| 16:37 | Construir | Farm |
| 16:49 | Crear | Scout Cavalry |
| 17:05 | Crear | Scout Cavalry |
| 17:14 | Crear | Villager (Male) |
| 17:27 | Crear | Scout Cavalry |
| 17:44 | Crear | Villager (Male) |
| 17:52 | Crear | Scout Cavalry |
| 18:02 | Crear | Scout Cavalry |
| 18:06 | Construir | House |
| 18:08 | Construir | House |
| 18:09 | Construir | House |
| 18:20 | Crear | Spearman |
| 18:21 | Crear | Scout Cavalry |
| 19:04 | Crear | Scout Cavalry |
| 19:26 | Crear | Scout Cavalry |
| 19:26 | Crear | Scout Cavalry |
| 19:41 | Crear | Scout Cavalry |
| 20:01 | Crear | Villager (Male) |
| 20:14 | Crear | Scout Cavalry |
| 20:33 | Construir | Farm |
| 20:33 | Construir | Farm |
| 20:33 | Construir | Farm |
| 20:34 | Construir | Farm |
| 20:36 | Crear | Spearman |
| 20:51 | Construir | Farm |
| 20:51 | Construir | Farm |
| 21:03 | Crear | Villager (Male) |
| 21:16 | Construir | Farm |
| 21:20 | Crear | Scout Cavalry |
| 21:24 | Construir | Farm |
| 21:24 | Construir | Farm |
| 21:32 | Construir | Market |
| 21:47 | Construir | Farm |
| 22:03 | Crear | Villager (Male) |
| 22:16 | Crear | Villager (Male) |
| 22:55 | Crear | Villager (Male) |
| 23:24 | Crear | Villager (Male) |
| 24:12 | Investigar | Castle Age |
| 24:12 | Investigar | Castle Age |
| 24:55 | Investigar | Gold Mining |
| 25:34 | Crear | Villager (Male) |
| 25:44 | Construir | Blacksmith |
| 26:43 | Investigar | Scale Barding Armor |
| 26:43 | Investigar | Scale Barding Armor |
| 26:53 | Investigar | Light Cavalry (upgrade) |
| 26:53 | Investigar | Light Cavalry (upgrade) |
| 26:54 | Investigar | Bow Saw |
| 27:06 | Construir | Town Center |
| 27:11 | Crear | Villager (Male) |
| 27:12 | Crear | Knight |
| 27:15 | Crear | Knight |
| 27:25 | Crear | Knight |
| 27:29 | Crear | Villager (Male) |
| 27:44 | Crear | Knight |
| 27:46 | Crear | Knight |
| 27:57 | Investigar | Husbandry |
| 28:13 | Crear | Villager (Male) |
| 28:23 | Construir | House |
| 28:29 | Construir | House |
| 28:32 | Crear | Villager (Male) |
Build order — [SEID] Aletheia
Primeras 150 de 562 acciones detectadas
| 0:02 | Crear | Villager (Male) |
| 0:03 | Construir | House |
| 0:10 | Crear | Villager (Male) |
| 0:12 | Crear | Villager (Male) |
| 0:12 | Crear | Villager (Male) |
| 1:23 | Crear | Villager (Male) |
| 1:23 | Crear | Villager (Male) |
| 1:55 | Construir | House |
| 1:57 | Construir | House |
| 2:03 | Crear | Villager (Male) |
| 2:03 | Crear | Villager (Male) |
| 2:11 | Crear | Villager (Male) |
| 2:22 | Construir | Lumber Camp |
| 2:50 | Crear | Villager (Male) |
| 2:50 | Crear | Villager (Male) |
| 3:09 | Crear | Villager (Male) |
| 3:10 | Crear | Villager (Male) |
| 3:31 | Construir | House |
| 3:43 | Crear | Villager (Male) |
| 3:43 | Crear | Villager (Male) |
| 3:45 | Crear | Villager (Male) |
| 4:33 | Crear | Villager (Male) |
| 4:58 | Crear | Villager (Male) |
| 5:23 | Crear | Villager (Male) |
| 5:31 | Construir | Mill |
| 5:49 | Investigar | Loom |
| 5:50 | Investigar | Loom |
| 6:13 | Investigar | Feudal Age |
| 6:14 | Investigar | Feudal Age |
| 7:29 | Construir | House |
| 7:50 | Construir | Barracks |
| 8:03 | Crear | Villager (Male) |
| 8:27 | Edad | Edad Feudal |
| 8:49 | Construir | Palisade Wall |
| 8:52 | Crear | Villager (Male) |
| 8:53 | Crear | Villager (Male) |
| 9:10 | Construir | Stable |
| 9:19 | Crear | Villager (Male) |
| 9:35 | Crear | Villager (Male) |
| 9:35 | Crear | Villager (Male) |
| 9:49 | Investigar | Double-Bit Axe |
| 10:01 | Crear | Villager (Male) |
| 10:02 | Crear | Scout Cavalry |
| 10:03 | Crear | Scout Cavalry |
| 10:03 | Crear | Scout Cavalry |
| 10:31 | Investigar | Horse Collar |
| 10:35 | Construir | House |
| 10:38 | Investigar | Wheelbarrow |
| 10:42 | Construir | House |
| 10:42 | Construir | House |
| 11:05 | Construir | House |
| 11:17 | Construir | Farm |
| 11:19 | Crear | Villager (Male) |
| 11:20 | Crear | Scout Cavalry |
| 11:21 | Crear | Scout Cavalry |
| 11:28 | Construir | House |
| 12:14 | Crear | Scout Cavalry |
| 12:17 | Construir | Blacksmith |
| 12:20 | Crear | Villager (Male) |
| 12:21 | Crear | Villager (Male) |
| 12:40 | Construir | Farm |
| 12:41 | Construir | Farm |
| 12:52 | Crear | Scout Cavalry |
| 13:03 | Investigar | Scale Barding Armor |
| 13:03 | Investigar | Scale Barding Armor |
| 13:05 | Construir | House |
| 13:35 | Crear | Scout Cavalry |
| 13:59 | Crear | Villager (Male) |
| 14:00 | Construir | Farm |
| 14:01 | Construir | Farm |
| 14:02 | Construir | Farm |
| 14:03 | Construir | Farm |
| 14:05 | Construir | Farm |
| 14:06 | Construir | Farm |
| 14:23 | Construir | Farm |
| 14:23 | Construir | Farm |
| 14:48 | Crear | Scout Cavalry |
| 14:48 | Crear | Scout Cavalry |
| 14:52 | Construir | Farm |
| 14:53 | Construir | Farm |
| 14:59 | Construir | Farm |
| 15:11 | Crear | Scout Cavalry |
| 15:12 | Crear | Scout Cavalry |
| 15:46 | Crear | Villager (Male) |
| 15:46 | Crear | Villager (Male) |
| 15:46 | Crear | Villager (Male) |
| 16:02 | Crear | Scout Cavalry |
| 16:02 | Crear | Scout Cavalry |
| 16:12 | Construir | Farm |
| 16:13 | Construir | Farm |
| 16:20 | Crear | Scout Cavalry |
| 16:20 | Crear | Scout Cavalry |
| 16:28 | Construir | Lumber Camp |
| 16:35 | Crear | Villager (Male) |
| 16:41 | Construir | Farm |
| 16:46 | Crear | Villager (Male) |
| 17:05 | Crear | Scout Cavalry |
| 17:05 | Crear | Scout Cavalry |
| 17:05 | Crear | Scout Cavalry |
| 17:20 | Crear | Villager (Male) |
| 17:21 | Construir | Farm |
| 17:27 | Construir | Mining Camp |
| 17:33 | Construir | Mining Camp |
| 17:41 | Crear | Scout Cavalry |
| 17:43 | Crear | Villager (Male) |
| 17:46 | Construir | Farm |
| 18:04 | Crear | Villager (Male) |
| 18:06 | Construir | Farm |
| 18:24 | Crear | Villager (Male) |
| 18:24 | Crear | Scout Cavalry |
| 18:25 | Crear | Scout Cavalry |
| 18:34 | Construir | Farm |
| 18:52 | Crear | Villager (Male) |
| 18:54 | Construir | Farm |
| 19:08 | Crear | Villager (Male) |
| 19:10 | Investigar | Forging |
| 19:11 | Investigar | Forging |
| 19:27 | Crear | Scout Cavalry |
| 19:27 | Crear | Scout Cavalry |
| 19:43 | Investigar | Bloodlines |
| 19:43 | Investigar | Bloodlines |
| 20:00 | Crear | Scout Cavalry |
| 20:01 | Crear | Villager (Male) |
| 20:01 | Crear | Villager (Male) |
| 20:04 | Construir | Farm |
| 20:10 | Construir | Farm |
| 20:12 | Construir | Farm |
| 20:24 | Crear | Scout Cavalry |
| 20:25 | Crear | Scout Cavalry |
| 20:53 | Crear | Villager (Male) |
| 20:55 | Construir | Farm |
| 20:58 | Construir | Farm |
| 21:10 | Crear | Villager (Male) |
| 21:29 | Construir | Farm |
| 21:42 | Construir | Market |
| 22:06 | Crear | Scout Cavalry |
| 22:13 | Investigar | Castle Age |
| 22:13 | Investigar | Castle Age |
| 22:30 | Crear | Scout Cavalry |
| 22:59 | Crear | Scout Cavalry |
| 23:12 | Construir | House |
| 23:50 | Crear | Scout Cavalry |
| 24:12 | Construir | Stable |
| 24:18 | Crear | Scout Cavalry |
| 24:20 | Crear | Scout Cavalry |
| 24:46 | Crear | Villager (Male) |
| 24:48 | Investigar | Gold Mining |
| 24:48 | Investigar | Gold Mining |
| 24:53 | Edad | Edad de los Castillos |
| 24:56 | Investigar | Light Cavalry (upgrade) |
Build order — Glork
Primeras 150 de 439 acciones detectadas
| 0:01 | Crear | Villager (Male) ×5 |
| 0:02 | Construir | House |
| 0:03 | Construir | House |
| 0:04 | Construir | House |
| 0:26 | Crear | Villager (Male) |
| 0:26 | Crear | Villager (Male) |
| 1:33 | Crear | Villager (Male) |
| 1:55 | Construir | Lumber Camp |
| 2:04 | Crear | Villager (Male) |
| 2:48 | Crear | Villager (Male) |
| 3:27 | Crear | Villager (Male) |
| 4:00 | Crear | Villager (Male) |
| 4:28 | Crear | Villager (Male) |
| 4:42 | Crear | Villager (Male) |
| 5:11 | Crear | Villager (Male) |
| 5:37 | Construir | Mill |
| 5:45 | Crear | Villager (Male) |
| 6:05 | Investigar | Loom |
| 6:44 | Investigar | Feudal Age |
| 7:13 | Construir | Barracks |
| 7:44 | Construir | House |
| 7:44 | Construir | House |
| 8:02 | Crear | Villager (Male) |
| 8:37 | Crear | Villager (Male) |
| 8:54 | Edad | Edad Feudal |
| 8:58 | Construir | Stable |
| 9:04 | Investigar | Double-Bit Axe |
| 9:33 | Crear | Scout Cavalry |
| 9:35 | Crear | Villager (Male) |
| 9:44 | Crear | Scout Cavalry |
| 9:48 | Investigar | Horse Collar |
| 9:59 | Construir | Farm |
| 10:12 | Crear | Villager (Male) |
| 10:13 | Crear | Scout Cavalry |
| 10:18 | Construir | Farm |
| 10:22 | Crear | Villager (Male) |
| 10:27 | Construir | Farm |
| 10:36 | Crear | Scout Cavalry |
| 10:40 | Construir | Farm |
| 11:00 | Crear | Scout Cavalry |
| 11:14 | Crear | Villager (Male) |
| 11:19 | Construir | Farm |
| 11:21 | Construir | Farm |
| 11:46 | Crear | Villager (Male) |
| 11:46 | Crear | Scout Cavalry |
| 11:51 | Construir | Farm |
| 12:00 | Crear | Villager (Male) |
| 12:17 | Construir | House |
| 12:17 | Construir | House |
| 12:18 | Construir | House |
| 12:28 | Crear | Villager (Male) |
| 12:46 | Crear | Scout Cavalry |
| 12:49 | Construir | Farm |
| 12:53 | Crear | Scout Cavalry |
| 13:05 | Crear | Villager (Male) |
| 13:39 | Crear | Scout Cavalry |
| 13:40 | Crear | Villager (Male) |
| 13:46 | Construir | Farm |
| 14:25 | Crear | Villager (Male) |
| 14:26 | Crear | Scout Cavalry |
| 14:42 | Crear | Villager (Male) |
| 14:43 | Crear | Scout Cavalry |
| 14:59 | Crear | Scout Cavalry |
| 15:00 | Crear | Villager (Male) |
| 15:02 | Construir | Farm |
| 15:03 | Construir | Farm |
| 15:03 | Construir | Farm |
| 15:03 | Construir | Farm |
| 15:03 | Construir | Farm |
| 15:03 | Construir | Farm |
| 15:04 | Construir | Farm |
| 15:07 | Construir | Farm |
| 15:38 | Crear | Scout Cavalry |
| 15:39 | Crear | Villager (Male) |
| 15:57 | Construir | Farm |
| 16:01 | Construir | Lumber Camp |
| 16:14 | Crear | Scout Cavalry |
| 16:15 | Crear | Villager (Male) |
| 16:15 | Crear | Villager (Male) |
| 16:19 | Construir | Farm |
| 16:26 | Construir | Farm |
| 16:29 | Construir | Farm |
| 16:33 | Crear | Villager (Male) |
| 16:35 | Crear | Scout Cavalry |
| 17:04 | Crear | Villager (Male) |
| 17:24 | Crear | Scout Cavalry |
| 17:24 | Crear | Villager (Male) |
| 17:28 | Construir | Blacksmith |
| 18:01 | Crear | Villager (Male) |
| 18:02 | Crear | Scout Cavalry |
| 18:21 | Investigar | Scale Barding Armor |
| 18:30 | Crear | Villager (Male) |
| 18:33 | Construir | Farm |
| 18:33 | Construir | Farm |
| 18:36 | Construir | Farm |
| 18:39 | Construir | Farm |
| 18:39 | Construir | Farm |
| 18:52 | Crear | Villager (Male) |
| 18:58 | Investigar | Wheelbarrow |
| 19:00 | Construir | House |
| 19:01 | Construir | House |
| 19:06 | Construir | House |
| 19:07 | Construir | House |
| 19:10 | Crear | Spearman |
| 19:37 | Crear | Scout Cavalry |
| 19:46 | Crear | Villager (Male) |
| 19:54 | Investigar | Forging |
| 20:03 | Crear | Scout Cavalry |
| 20:38 | Construir | Mining Camp |
| 20:40 | Crear | Villager (Male) |
| 20:46 | Crear | Spearman |
| 21:03 | Construir | Watch Tower |
| 21:07 | Crear | Villager (Male) |
| 21:10 | Crear | Scout Cavalry |
| 21:26 | Crear | Villager (Male) |
| 21:30 | Construir | Market |
| 21:49 | Crear | Scout Cavalry |
| 21:50 | Crear | Villager (Male) |
| 21:52 | Construir | Stable |
| 22:02 | Investigar | Bloodlines |
| 22:15 | Construir | House |
| 22:30 | Investigar | Fletching |
| 22:33 | Investigar | Gold Mining |
| 22:55 | Crear | Villager (Male) |
| 23:11 | Crear | Scout Cavalry |
| 23:12 | Crear | Scout Cavalry |
| 23:13 | Crear | Villager (Male) |
| 23:43 | Crear | Scout Cavalry |
| 23:44 | Crear | Villager (Male) |
| 23:58 | Crear | Scout Cavalry |
| 24:20 | Investigar | Castle Age |
| 24:54 | Crear | Villager (Male) |
| 25:28 | Construir | Lumber Camp |
| 25:32 | Construir | Mining Camp |
| 25:37 | Crear | Scout Cavalry |
| 26:51 | Construir | Stable |
| 26:56 | Construir | Farm |
| 26:57 | Construir | Farm |
| 27:00 | Edad | Edad de los Castillos |
| 27:08 | Construir | Town Center |
| 27:10 | Crear | Knight |
| 27:10 | Crear | Knight |
| 27:11 | Investigar | Light Cavalry (upgrade) |
| 27:16 | Crear | Knight |
| 27:18 | Investigar | Chain Barding Armor |
| 27:22 | Investigar | Bow Saw |
| 27:25 | Crear | Villager (Male) |
| 27:45 | Crear | Knight ×5 |
| 27:57 | Crear | Villager (Male) |
| 27:58 | Crear | Villager (Male) |
Build order — [SEID]PrimeroDeLínea
Primeras 150 de 557 acciones detectadas
| 0:02 | Crear | Villager (Male) |
| 0:02 | Crear | Villager (Male) |
| 0:03 | Construir | House |
| 0:04 | Construir | House |
| 0:09 | Crear | Villager (Male) |
| 0:09 | Crear | Villager (Male) |
| 1:27 | Crear | Villager (Male) |
| 1:27 | Crear | Villager (Male) |
| 1:57 | Crear | Villager (Male) |
| 2:07 | Crear | Villager (Male) |
| 2:07 | Crear | Villager (Male) |
| 2:39 | Crear | Villager (Male) |
| 2:39 | Crear | Villager (Male) |
| 2:52 | Construir | Lumber Camp |
| 2:57 | Crear | Villager (Male) |
| 2:57 | Crear | Villager (Male) |
| 2:57 | Crear | Villager (Male) |
| 3:16 | Crear | Villager (Male) |
| 3:16 | Crear | Villager (Male) |
| 3:30 | Construir | House |
| 3:37 | Construir | House |
| 3:43 | Crear | Villager (Male) |
| 3:44 | Crear | Villager (Male) |
| 4:09 | Crear | Villager (Male) |
| 4:10 | Crear | Villager (Male) |
| 5:39 | Construir | Mill |
| 5:51 | Construir | House |
| 5:51 | Crear | Villager (Male) |
| 6:04 | Crear | Villager (Male) |
| 6:17 | Crear | Villager (Male) |
| 6:44 | Investigar | Loom |
| 6:45 | Investigar | Loom |
| 7:02 | Investigar | Feudal Age |
| 7:03 | Investigar | Feudal Age |
| 7:24 | Construir | Barracks |
| 8:05 | Crear | Militia |
| 8:05 | Crear | Militia |
| 8:24 | Construir | Mining Camp |
| 8:29 | Crear | Militia |
| 9:19 | Edad | Edad Feudal |
| 9:21 | Crear | Villager (Male) |
| 9:22 | Investigar | Double-Bit Axe |
| 9:23 | Investigar | Double-Bit Axe |
| 9:39 | Construir | House |
| 9:40 | Investigar | Man-at-Arms (upgrade) |
| 9:41 | Investigar | Man-at-Arms (upgrade) |
| 9:41 | Crear | Villager (Male) |
| 10:12 | Crear | Villager (Male) |
| 10:31 | Crear | Villager (Male) |
| 10:36 | Construir | Archery Range |
| 10:48 | Construir | House |
| 11:00 | Crear | Villager (Male) |
| 11:02 | Crear | Militia |
| 11:15 | Crear | Villager (Male) |
| 11:19 | Investigar | Horse Collar |
| 11:25 | Construir | House |
| 11:29 | Crear | Archer |
| 11:30 | Construir | House |
| 11:51 | Construir | Building 796 |
| 11:52 | Crear | Archer |
| 12:01 | Crear | Villager (Male) |
| 12:01 | Crear | Villager (Male) |
| 12:07 | Crear | Villager (Male) |
| 12:15 | Construir | Palisade Gate |
| 12:15 | Construir | Palisade Wall |
| 12:18 | Crear | Archer |
| 12:31 | Crear | Villager (Male) |
| 12:44 | Construir | Palisade Wall |
| 13:01 | Construir | Blacksmith |
| 13:04 | Crear | Spearman |
| 13:14 | Construir | Palisade Wall |
| 13:30 | Crear | Skirmisher |
| 13:39 | Crear | Spearman |
| 13:43 | Crear | Villager (Male) |
| 13:52 | Investigar | Fletching |
| 13:53 | Crear | Skirmisher |
| 14:01 | Crear | Villager (Male) |
| 14:10 | Crear | Spearman |
| 14:18 | Crear | Archer |
| 14:20 | Crear | Skirmisher |
| 14:27 | Construir | Archery Range |
| 14:28 | Crear | Villager (Male) |
| 14:49 | Construir | Farm |
| 15:02 | Crear | Archer |
| 15:03 | Crear | Skirmisher |
| 15:10 | Crear | Villager (Male) |
| 15:12 | Construir | Farm |
| 15:21 | Crear | Archer |
| 15:21 | Crear | Skirmisher |
| 15:31 | Crear | Archer |
| 15:48 | Construir | Lumber Camp |
| 15:53 | Crear | Archer |
| 15:53 | Crear | Skirmisher |
| 15:57 | Crear | Villager (Male) |
| 16:02 | Construir | Palisade Wall |
| 16:14 | Crear | Archer |
| 16:20 | Construir | House |
| 16:28 | Construir | Farm |
| 16:33 | Crear | Archer |
| 16:34 | Crear | Villager (Male) |
| 16:39 | Construir | House |
| 16:42 | Construir | Palisade Gate |
| 16:43 | Construir | Palisade Wall |
| 16:54 | Crear | Archer |
| 16:54 | Crear | Archer |
| 17:04 | Construir | Farm |
| 17:05 | Construir | Farm |
| 17:15 | Construir | Farm |
| 17:21 | Construir | Farm |
| 17:23 | Crear | Archer |
| 17:26 | Crear | Villager (Male) |
| 17:32 | Construir | Farm |
| 17:48 | Crear | Archer |
| 17:48 | Crear | Archer |
| 18:02 | Construir | Farm |
| 18:04 | Construir | Farm |
| 18:05 | Construir | Farm |
| 18:16 | Crear | Archer |
| 18:26 | Crear | Villager (Male) |
| 18:28 | Construir | Farm |
| 18:45 | Investigar | Padded Archer Armor |
| 18:45 | Crear | Archer |
| 18:47 | Construir | House |
| 18:55 | Construir | Farm |
| 18:57 | Construir | Farm |
| 18:59 | Crear | Villager (Male) |
| 19:02 | Construir | Farm |
| 19:18 | Crear | Archer |
| 19:21 | Crear | Archer |
| 19:23 | Crear | Villager (Male) |
| 19:26 | Construir | Farm |
| 19:31 | Construir | House |
| 19:35 | Construir | House |
| 19:37 | Crear | Archer |
| 19:44 | Crear | Spearman |
| 20:02 | Crear | Archer |
| 20:06 | Crear | Archer |
| 20:09 | Crear | Villager (Male) |
| 20:14 | Construir | House |
| 20:18 | Construir | Farm |
| 20:34 | Crear | Archer |
| 20:48 | Crear | Villager (Male) |
| 20:55 | Construir | Mining Camp |
| 21:03 | Construir | Palisade Wall |
| 21:12 | Crear | Archer |
| 21:12 | Crear | Villager (Male) |
| 21:26 | Construir | Farm |
| 21:28 | Investigar | Wheelbarrow |
| 21:28 | Investigar | Wheelbarrow |
| 21:31 | Investigar | Gold Mining |
Build order — Dango
Primeras 150 de 610 acciones detectadas
| 0:00 | Investigar | Loom |
| 0:02 | Construir | House |
| 0:03 | Construir | House |
| 0:09 | Crear | Villager (Male) |
| 0:09 | Crear | Villager (Male) |
| 0:11 | Crear | Villager (Male) |
| 1:34 | Crear | Villager (Male) |
| 1:46 | Construir | Lumber Camp |
| 2:17 | Crear | Villager (Male) |
| 2:18 | Crear | Villager (Male) |
| 2:39 | Crear | Villager (Male) |
| 2:39 | Crear | Villager (Male) |
| 3:05 | Crear | Villager (Male) |
| 3:49 | Crear | Villager (Male) |
| 3:49 | Crear | Villager (Male) |
| 4:00 | Construir | House |
| 4:12 | Crear | Villager (Male) |
| 4:12 | Crear | Villager (Male) |
| 4:16 | Crear | Villager (Male) |
| 4:16 | Crear | Villager (Male) |
| 4:27 | Construir | Mill |
| 4:41 | Crear | Villager (Male) |
| 4:56 | Crear | Villager (Male) |
| 4:57 | Crear | Villager (Male) |
| 5:17 | Crear | Villager (Male) |
| 5:17 | Crear | Villager (Male) |
| 5:31 | Construir | House |
| 5:37 | Crear | Villager (Male) |
| 5:37 | Crear | Villager (Male) |
| 6:19 | Crear | Villager (Male) |
| 7:03 | Crear | Villager (Male) |
| 7:19 | Crear | Villager (Male) |
| 7:40 | Investigar | Feudal Age |
| 7:40 | Investigar | Feudal Age |
| 7:56 | Crear | Villager (Male) |
| 7:56 | Crear | Villager (Male) |
| 8:08 | Construir | Mining Camp |
| 8:18 | Construir | Barracks |
| 8:56 | Crear | Villager (Male) |
| 8:58 | Construir | House |
| 9:52 | Edad | Edad Feudal |
| 9:59 | Crear | Villager (Male) |
| 10:03 | Construir | Archery Range |
| 10:10 | Construir | Archery Range |
| 10:13 | Construir | Archery Range |
| 10:20 | Crear | Villager (Male) |
| 10:20 | Crear | Villager (Male) |
| 10:35 | Crear | Villager (Male) |
| 10:50 | Crear | Archer |
| 10:51 | Crear | Archer |
| 10:55 | Construir | Farm |
| 10:55 | Construir | Farm |
| 10:59 | Construir | Palisade Wall |
| 11:06 | Crear | Archer |
| 11:07 | Crear | Archer |
| 11:08 | Crear | Villager (Male) |
| 11:25 | Construir | Farm |
| 11:34 | Construir | House |
| 11:38 | Crear | Archer |
| 12:08 | Construir | House |
| 12:09 | Construir | Blacksmith |
| 12:14 | Crear | Villager (Male) |
| 12:22 | Crear | Villager (Male) |
| 12:27 | Crear | Archer |
| 12:27 | Crear | Archer |
| 12:35 | Crear | Villager (Male) |
| 12:39 | Crear | Villager (Male) |
| 12:39 | Crear | Villager (Male) |
| 12:57 | Investigar | Fletching |
| 13:01 | Crear | Villager (Male) |
| 13:11 | Construir | Farm |
| 13:12 | Construir | Farm |
| 13:16 | Crear | Archer |
| 13:16 | Crear | Archer |
| 13:33 | Crear | Archer |
| 13:33 | Crear | Archer |
| 13:38 | Crear | Villager (Male) |
| 13:42 | Construir | Farm |
| 13:47 | Crear | Villager (Male) |
| 13:48 | Crear | Archer |
| 14:02 | Crear | Archer |
| 14:02 | Crear | Villager (Male) |
| 14:25 | Construir | Farm |
| 14:29 | Crear | Archer |
| 14:29 | Crear | Archer |
| 14:39 | Crear | Villager (Male) |
| 14:39 | Crear | Villager (Male) |
| 14:48 | Crear | Archer |
| 14:52 | Crear | Villager (Male) |
| 14:52 | Crear | Villager (Male) |
| 14:53 | Construir | Farm |
| 15:04 | Crear | Archer |
| 15:27 | Construir | House |
| 15:35 | Crear | Archer |
| 15:37 | Crear | Villager (Male) |
| 15:37 | Crear | Villager (Male) |
| 15:39 | Construir | Farm |
| 15:41 | Crear | Archer |
| 15:41 | Crear | Archer |
| 15:44 | Crear | Villager (Male) |
| 15:51 | Construir | Lumber Camp |
| 15:53 | Crear | Archer |
| 15:53 | Crear | Archer |
| 16:01 | Crear | Villager (Male) |
| 16:09 | Investigar | Double-Bit Axe |
| 16:10 | Crear | Archer |
| 16:11 | Crear | Archer |
| 16:11 | Crear | Archer |
| 16:19 | Crear | Archer |
| 16:22 | Crear | Villager (Male) |
| 16:22 | Crear | Villager (Male) |
| 16:35 | Crear | Archer |
| 16:36 | Crear | Archer |
| 16:49 | Crear | Archer |
| 16:49 | Crear | Archer |
| 17:05 | Crear | Villager (Male) |
| 17:06 | Crear | Villager (Male) |
| 17:06 | Crear | Villager (Male) |
| 17:07 | Construir | Farm |
| 17:07 | Construir | Farm |
| 17:07 | Construir | Farm |
| 17:09 | Crear | Archer |
| 17:18 | Crear | Villager (Male) |
| 17:20 | Crear | Archer |
| 17:20 | Crear | Archer |
| 17:25 | Crear | Villager (Male) |
| 17:27 | Construir | House |
| 17:50 | Crear | Archer |
| 17:51 | Crear | Archer |
| 18:00 | Construir | House |
| 18:03 | Crear | Villager (Male) |
| 18:04 | Crear | Villager (Male) |
| 18:08 | Crear | Archer |
| 18:08 | Crear | Archer |
| 18:15 | Crear | Archer |
| 18:28 | Construir | Watch Tower |
| 18:32 | Crear | Archer |
| 18:32 | Crear | Archer |
| 18:49 | Crear | Villager (Male) |
| 18:49 | Crear | Villager (Male) |
| 19:01 | Crear | Villager (Male) |
| 19:05 | Construir | Market |
| 19:18 | Crear | Villager (Male) |
| 19:18 | Crear | Villager (Male) |
| 19:20 | Construir | Archery Range |
| 19:26 | Investigar | Horse Collar |
| 19:40 | Investigar | Padded Archer Armor |
| 19:41 | Crear | Archer |
| 19:51 | Crear | Archer |
| 19:51 | Crear | Archer |
Build order — MatecociArg
Primeras 150 de 542 acciones detectadas
| 0:01 | Crear | Villager (Male) |
| 0:01 | Crear | Villager (Male) |
| 0:02 | Crear | Villager (Male) |
| 0:02 | Crear | Villager (Male) |
| 0:03 | Construir | House |
| 0:05 | Construir | House |
| 1:31 | Crear | Villager (Male) |
| 1:31 | Crear | Villager (Male) |
| 1:56 | Construir | Lumber Camp |
| 2:05 | Crear | Villager (Male) |
| 2:05 | Crear | Villager (Male) |
| 2:29 | Crear | Villager (Male) |
| 2:30 | Crear | Villager (Male) |
| 2:30 | Crear | Villager (Male) |
| 2:30 | Crear | Villager (Male) |
| 3:09 | Crear | Villager (Male) |
| 3:10 | Crear | Villager (Male) |
| 3:37 | Crear | Villager (Male) |
| 3:37 | Crear | Villager (Male) |
| 4:08 | Construir | House |
| 4:27 | Crear | Villager (Male) |
| 4:27 | Crear | Villager (Male) |
| 4:27 | Crear | Villager (Male) |
| 5:04 | Construir | Mill |
| 5:31 | Crear | Villager (Male) |
| 5:54 | Investigar | Loom |
| 6:40 | Investigar | Feudal Age |
| 6:40 | Investigar | Feudal Age |
| 7:54 | Construir | Barracks |
| 8:25 | Construir | House |
| 8:55 | Construir | Stable |
| 8:56 | Crear | Villager (Male) |
| 8:58 | Investigar | Double-Bit Axe |
| 9:04 | Crear | Villager (Male) |
| 9:19 | Construir | Palisade Wall |
| 9:31 | Crear | Villager (Male) |
| 9:47 | Crear | Scout Cavalry |
| 9:47 | Crear | Scout Cavalry |
| 9:48 | Crear | Scout Cavalry |
| 9:48 | Crear | Scout Cavalry |
| 10:02 | Construir | Palisade Wall |
| 10:09 | Construir | Palisade Wall |
| 10:10 | Construir | Palisade Wall |
| 10:13 | Construir | Palisade Wall |
| 10:15 | Construir | Palisade Wall |
| 10:23 | Construir | House |
| 10:33 | Crear | Villager (Male) |
| 10:35 | Crear | Scout Cavalry |
| 10:35 | Crear | Scout Cavalry |
| 10:37 | Crear | Villager (Male) |
| 11:15 | Crear | Villager (Male) |
| 11:21 | Construir | Blacksmith |
| 11:25 | Construir | Farm |
| 11:25 | Construir | Farm |
| 11:32 | Crear | Villager (Male) |
| 11:33 | Crear | Militia |
| 11:36 | Crear | Scout Cavalry |
| 11:37 | Crear | Scout Cavalry |
| 11:37 | Crear | Scout Cavalry |
| 11:53 | Construir | House |
| 12:10 | Crear | Villager (Male) |
| 12:12 | Crear | Scout Cavalry |
| 12:12 | Crear | Scout Cavalry |
| 12:25 | Construir | Farm |
| 12:27 | Construir | Farm |
| 12:28 | Construir | Farm |
| 12:34 | Crear | Villager (Male) |
| 12:41 | Construir | House |
| 13:01 | Construir | Farm |
| 13:02 | Construir | Farm |
| 13:02 | Construir | Farm |
| 13:08 | Construir | Farm |
| 13:23 | Investigar | Forging |
| 13:24 | Crear | Villager (Male) |
| 13:41 | Crear | Villager (Male) |
| 13:44 | Construir | Farm |
| 13:46 | Construir | Farm |
| 13:57 | Construir | Farm |
| 13:59 | Crear | Villager (Male) |
| 14:12 | Construir | Farm |
| 14:39 | Crear | Villager (Male) |
| 14:42 | Construir | Farm |
| 14:43 | Construir | Farm |
| 14:45 | Crear | Scout Cavalry |
| 14:45 | Crear | Scout Cavalry |
| 15:08 | Crear | Scout Cavalry |
| 15:15 | Crear | Villager (Male) |
| 15:29 | Construir | House |
| 15:34 | Crear | Scout Cavalry |
| 15:34 | Crear | Scout Cavalry |
| 16:13 | Crear | Villager (Male) |
| 16:16 | Crear | Scout Cavalry |
| 16:22 | Construir | Mining Camp |
| 16:23 | Crear | Villager (Male) |
| 16:29 | Construir | House |
| 16:38 | Crear | Spearman |
| 16:38 | Crear | Spearman |
| 16:42 | Construir | Farm |
| 16:45 | Construir | Lumber Camp |
| 16:52 | Construir | Farm |
| 16:59 | Crear | Scout Cavalry |
| 17:10 | Crear | Spearman |
| 17:15 | Construir | Farm |
| 17:15 | Construir | Farm |
| 17:27 | Crear | Spearman |
| 17:51 | Crear | Villager (Male) |
| 17:55 | Construir | Farm |
| 17:57 | Construir | Farm |
| 18:03 | Construir | Farm |
| 18:25 | Crear | Scout Cavalry |
| 18:52 | Crear | Villager (Male) |
| 19:13 | Crear | Villager (Male) |
| 19:16 | Construir | Market |
| 19:34 | Crear | Villager (Male) |
| 19:44 | Construir | Lumber Camp |
| 19:53 | Investigar | Castle Age |
| 19:53 | Investigar | Castle Age |
| 19:53 | Investigar | Castle Age |
| 20:05 | Construir | Stone Wall |
| 20:08 | Construir | Stone Wall |
| 20:14 | Construir | Stone Wall |
| 21:09 | Construir | Stable |
| 21:25 | Investigar | Scale Barding Armor |
| 21:26 | Investigar | Scale Barding Armor |
| 22:29 | Investigar | Gold Mining |
| 22:35 | Crear | Villager (Male) |
| 22:36 | Crear | Knight |
| 22:37 | Crear | Knight |
| 22:41 | Construir | Town Center |
| 22:51 | Construir | House |
| 22:52 | Construir | House |
| 22:53 | Crear | Villager (Male) |
| 22:53 | Crear | Villager (Male) |
| 22:55 | Investigar | Chain Barding Armor |
| 22:56 | Investigar | Chain Barding Armor |
| 22:58 | Investigar | Husbandry |
| 22:59 | Investigar | Husbandry |
| 23:01 | Crear | Knight |
| 23:01 | Crear | Knight |
| 23:01 | Crear | Knight |
| 23:15 | Construir | House |
| 23:17 | Construir | House |
| 23:19 | Construir | House |
| 23:22 | Construir | House |
| 23:25 | Construir | House |
| 23:35 | Crear | Knight |
| 23:35 | Crear | Knight |
| 23:36 | Crear | Knight |
| 23:40 | Construir | House |
| 23:41 | Construir | House |
Cronología de la partida
| 4:20 | Oni.Nego · wall_segment Palisade Wall x5 |
| 5:25 | CoterLee · first_building Barracks |
| 5:44 | Oni.Nego · first_building Barracks |
| 6:47 | Oni.Nego · wall_segment Palisade Wall x1 |
| 7:13 | Glork · first_building Barracks |
| 7:24 | [SEID]PrimeroDeLínea · first_building Barracks |
| 7:50 | [SEID] Aletheia · first_building Barracks |
| 7:54 | MatecociArg · first_building Barracks |
| 7:55 | [SEID]_Dracarys_ · first_building Barracks |
| 7:57 | [SEID]_Dracarys_ · wall_segment Palisade Wall x1 |
| 7:59 | [SEID]_Dracarys_ · wall_segment Palisade Wall x1 |
| 8:00 | [SEID]_Dracarys_ · wall_segment Palisade Wall x1 |
| 8:18 | Dango · first_building Barracks |
| 8:27 | [SEID] Aletheia · age_up feudal |
| 8:32 | [SEID]_Dracarys_ · wall_segment Palisade Wall x1 |
| 8:33 | [SEID]_Dracarys_ · wall_segment Palisade Wall x1 |
| 8:43 | [SEID]_Dracarys_ · wall_segment Palisade Wall x1 |
| 8:49 | [SEID] Aletheia · wall_segment Palisade Wall x1 |
| 8:54 | Glork · age_up feudal |
| 8:55 | MatecociArg · first_building Stable |
| 8:58 | Glork · first_building Stable |
| 9:10 | [SEID] Aletheia · first_building Stable |
| 9:19 | [SEID]PrimeroDeLínea · age_up feudal |
| 9:19 | MatecociArg · wall_segment Palisade Wall x14 |
| 9:21 | Oni.Nego · wall_segment Palisade Wall x18 |
| 9:41 | CoterLee · first_building Stable |
| 9:44 | [SEID]_Dracarys_ · age_up feudal |
| 9:47 | [SEID]_Dracarys_ · first_building Archery Range |
| 9:52 | Dango · age_up feudal |
| 10:02 | MatecociArg · wall_segment Palisade Wall x13 |
| 10:03 | Dango · first_building Archery Range |
| 10:09 | MatecociArg · wall_segment Palisade Wall x1 |
| 10:10 | MatecociArg · wall_segment Palisade Wall x1 |
| 10:13 | MatecociArg · wall_segment Palisade Wall x1 |
| 10:15 | MatecociArg · wall_segment Palisade Wall x12 |
| 10:25 | [SEID]_Dracarys_ · wall_segment Palisade Wall x1 |
| 10:36 | [SEID]PrimeroDeLínea · first_building Archery Range |
| 10:59 | Dango · wall_segment Palisade Wall x1 |
| 11:11 | Oni.Nego · wall_segment Palisade Wall x5 |
| 11:15 | Oni.Nego · age_up feudal |
| 11:16 | Oni.Nego · wall_segment Palisade Wall x3 |
| 11:25 | [SEID]_Dracarys_ · wall_segment Palisade Wall x9 |
| 11:41 | [SEID]_Dracarys_ · wall_segment Palisade Wall x4 |
| 11:46 | Oni.Nego · wall_segment Palisade Wall x21 |
| 11:54 | [SEID]_Dracarys_ · wall_segment Palisade Wall x3 |
| 11:55 | [SEID]_Dracarys_ · wall_segment Palisade Wall x4 |
| 12:15 | [SEID]PrimeroDeLínea · wall_segment Palisade Wall x1 |
| 12:23 | [SEID]_Dracarys_ · wall_segment Palisade Wall x1 |
| 12:25 | [SEID]_Dracarys_ · wall_segment Palisade Wall x1 |
| 12:27 | [SEID]_Dracarys_ · wall_segment Palisade Wall x1 |
| 12:30 | Oni.Nego · wall_segment Palisade Wall x1 |
| 12:44 | [SEID]PrimeroDeLínea · wall_segment Palisade Wall x9 |
| 13:01 | CoterLee · wall_segment Palisade Wall x5 |
| 13:06 | CoterLee · wall_segment Palisade Wall x5 |
| 13:09 | Oni.Nego · wall_segment Palisade Wall x1 |
| 13:14 | [SEID]PrimeroDeLínea · wall_segment Palisade Wall x8 |
| 13:26 | Oni.Nego · wall_segment Palisade Wall x1 |
| 13:38 | Oni.Nego · first_market_sell 500 wood |
| 13:39 | Oni.Nego · first_market_buy 100 food |
| 13:47 | Oni.Nego · wall_segment Palisade Wall x8 |
| 14:06 | Oni.Nego · wall_segment Palisade Wall x1 |
| 14:16 | [SEID]_Dracarys_ · wall_segment Palisade Wall x8 |
| 14:23 | [SEID]_Dracarys_ · wall_segment Palisade Wall x5 |
| 14:24 | [SEID]_Dracarys_ · wall_segment Palisade Wall x1 |
| 14:40 | [SEID]_Dracarys_ · wall_segment Palisade Wall x1 |
| 15:54 | CoterLee · wall_segment Palisade Wall x1 |
| 15:55 | CoterLee · wall_segment Palisade Wall x1 |
| 15:56 | CoterLee · wall_segment Palisade Wall x1 |
| 16:01 | CoterLee · wall_segment Palisade Wall x1 |
| 16:02 | [SEID]PrimeroDeLínea · wall_segment Palisade Wall x1 |
| 16:43 | [SEID]PrimeroDeLínea · wall_segment Palisade Wall x3 |
| 17:22 | [SEID]_Dracarys_ · wall_segment Palisade Wall x1 |
| 17:31 | Oni.Nego · age_up castle |
| 17:46 | Oni.Nego · first_building Castle |
| 20:05 | MatecociArg · wall_segment Stone Wall x5 |
| 20:06 | [SEID]_Dracarys_ · wall_segment Stone Wall x8 |
| 20:08 | MatecociArg · wall_segment Stone Wall x7 |
| 20:14 | MatecociArg · wall_segment Stone Wall x5 |
| 21:03 | [SEID]PrimeroDeLínea · wall_segment Palisade Wall x18 |
| 21:06 | [SEID]_Dracarys_ · wall_segment Palisade Wall x1 |
| 21:19 | [SEID]_Dracarys_ · wall_segment Stone Wall x1 |
| 21:27 | [SEID]_Dracarys_ · wall_segment Stone Wall x1 |
| 21:30 | [SEID]_Dracarys_ · wall_segment Stone Wall x9 |
| 22:46 | [SEID]_Dracarys_ · wall_segment Stone Wall x1 |
| 23:19 | Oni.Nego · wall_segment Stone Wall x1 |
| 24:04 | Glork · first_market_sell 500 wood |
| 24:07 | Glork · first_market_buy 100 food |
| 24:09 | MatecociArg · wall_segment Palisade Wall x1 |
| 24:28 | Dango · first_market_sell 500 wood |
| 24:53 | [SEID] Aletheia · age_up castle |
| 25:04 | [SEID]_Dracarys_ · age_up castle |
| 25:12 | [SEID]_Dracarys_ · first_market_sell 100 food |
| 25:27 | [SEID]_Dracarys_ · first_market_buy 100 food |
| 26:04 | [SEID]PrimeroDeLínea · age_up castle |
| 26:49 | Oni.Nego · first_building Stable |
| 26:51 | [SEID]_Dracarys_ · wall_segment Stone Wall x4 |
| 27:00 | Glork · age_up castle |
| 27:32 | [SEID]_Dracarys_ · wall_segment Stone Wall x4 |
| 27:56 | [SEID]PrimeroDeLínea · first_building Castle |
| 28:04 | [SEID]_Dracarys_ · wall_segment Stone Wall x1 |
| 28:45 | Dango · first_market_buy 100 food |
| 29:09 | [SEID]PrimeroDeLínea · wall_segment Palisade Wall x1 |
| 29:11 | Dango · wall_segment Palisade Wall x1 |
| 29:13 | Dango · wall_segment Palisade Wall x1 |
| 29:21 | MatecociArg · first_market_buy 100 stone |
| 29:35 | [SEID]PrimeroDeLínea · first_market_buy 100 stone |
| 29:40 | [SEID]_Dracarys_ · wall_segment Stone Wall x9 |
| 29:49 | [SEID]PrimeroDeLínea · first_market_sell 100 food |
| 29:50 | [SEID]_Dracarys_ · wall_segment Stone Wall x6 |
| 30:01 | Oni.Nego · wall_segment Stone Wall x3 |
| 30:24 | [SEID]_Dracarys_ · wall_segment Stone Wall x1 |
| 30:54 | MatecociArg · wall_segment Palisade Wall x1 |
| 31:33 | MatecociArg · first_market_sell 100 food |
| 31:58 | [SEID]_Dracarys_ · wall_segment Stone Wall x9 |
| 32:04 | Dango · age_up castle |
| 32:22 | Oni.Nego · wall_segment Stone Wall x1 |
| 32:24 | Oni.Nego · wall_segment Stone Wall x1 |
| 32:27 | Oni.Nego · wall_segment Stone Wall x1 |
| 32:31 | Oni.Nego · wall_segment Stone Wall x1 |
| 32:45 | [SEID]_Dracarys_ · wall_segment Stone Wall x5 |
| 32:48 | [SEID]_Dracarys_ · wall_segment Stone Wall x1 |
| 32:52 | Glork · first_building Monastery |
| 33:27 | MatecociArg · wall_segment Palisade Wall x1 |
| 33:48 | MatecociArg · wall_segment Stone Wall x1 |
| 33:55 | [SEID]_Dracarys_ · wall_segment Stone Wall x3 |
| 33:59 | [SEID]_Dracarys_ · wall_segment Stone Wall x1 |
| 34:00 | [SEID]_Dracarys_ · wall_segment Stone Wall x6 |
| 34:39 | Oni.Nego · wall_segment Stone Wall x1 |
| 35:22 | CoterLee · first_market_buy 100 food |
| 35:54 | [SEID] Aletheia · first_building Castle |
| 36:34 | [SEID]PrimeroDeLínea · wall_segment Stone Wall x17 |
| 36:50 | [SEID]_Dracarys_ · wall_segment Stone Wall x6 |
| 36:52 | [SEID]PrimeroDeLínea · wall_segment Stone Wall x1 |
| 37:13 | MatecociArg · first_building Castle |
| 37:18 | Glork · wall_segment Palisade Wall x7 |
| 38:10 | Oni.Nego · wall_segment Stone Wall x17 |
| 38:12 | [SEID]_Dracarys_ · wall_segment Stone Wall x5 |
| 38:20 | [SEID]_Dracarys_ · wall_segment Stone Wall x4 |
| 38:29 | [SEID] Aletheia · first_market_buy 100 wood |
| 39:13 | [SEID]_Dracarys_ · wall_segment Stone Wall x6 |
| 39:33 | MatecociArg · wall_segment Stone Wall x3 |
| 39:35 | Oni.Nego · wall_segment Stone Wall x1 |
| 39:36 | Oni.Nego · wall_segment Stone Wall x1 |
| 39:40 | MatecociArg · wall_segment Stone Wall x5 |
| 39:43 | MatecociArg · wall_segment Stone Wall x3 |
| 39:44 | MatecociArg · wall_segment Stone Wall x2 |
| 39:54 | MatecociArg · wall_segment Stone Wall x3 |
| 39:55 | MatecociArg · wall_segment Stone Wall x4 |
| 40:02 | MatecociArg · wall_segment Stone Wall x4 |
| 41:22 | Glork · age_up imperial |
| 41:33 | [SEID] Aletheia · first_market_sell 500 stone |
| 42:45 | MatecociArg · wall_segment Stone Wall x1 |
| 43:00 | Oni.Nego · wall_segment Stone Wall x22 |
| 43:44 | [SEID]_Dracarys_ · wall_segment Stone Wall x2 |
| 43:48 | [SEID]_Dracarys_ · wall_segment Stone Wall x12 |
| 44:35 | Oni.Nego · age_up imperial |
| 44:44 | [SEID] Aletheia · age_up imperial |
| 44:55 | [SEID]_Dracarys_ · wall_segment Stone Wall x6 |
| 44:59 | [SEID]_Dracarys_ · wall_segment Stone Wall x12 |
| 45:06 | [SEID]_Dracarys_ · wall_segment Stone Wall x5 |
| 45:11 | [SEID]_Dracarys_ · first_building Castle |
| 45:23 | [SEID]_Dracarys_ · first_building Monastery |
| 45:53 | [SEID]PrimeroDeLínea · age_up imperial |
| 45:54 | [SEID]_Dracarys_ · first_building Siege Workshop |
| 46:19 | Oni.Nego · wall_segment Stone Wall x1 |
| 46:46 | [SEID]PrimeroDeLínea · tribute_sent a jugador 1 |
| 46:46 | [SEID]PrimeroDeLínea · tribute_sent a jugador 2 |
| 46:46 | [SEID]PrimeroDeLínea · tribute_sent a jugador 3 |
| 46:46 | [SEID]PrimeroDeLínea · tribute_sent a jugador 4 |
| 46:46 | [SEID]PrimeroDeLínea · tribute_sent a jugador 5 |
| 46:46 | [SEID]PrimeroDeLínea · tribute_sent a jugador 7 |
| 46:46 | [SEID]PrimeroDeLínea · tribute_sent a jugador 8 |
| 46:48 | Dango · tribute_sent a jugador 1 |
| 46:48 | Dango · tribute_sent a jugador 2 |
| 46:48 | Dango · tribute_sent a jugador 3 |
| 46:48 | Dango · tribute_sent a jugador 4 |
| 46:48 | Dango · tribute_sent a jugador 5 |
| 46:48 | Dango · tribute_sent a jugador 6 |
| 46:48 | Dango · tribute_sent a jugador 8 |
| 48:11 | Oni.Nego · wall_segment Stone Wall x31 |
| 48:48 | CoterLee · wall_segment Stone Wall x1 |
| 48:52 | CoterLee · wall_segment Stone Wall x11 |
| 49:18 | [SEID]_Dracarys_ · age_up imperial |
| 49:32 | MatecociArg · first_building Archery Range |
| 50:23 | CoterLee · wall_segment Stone Wall x1 |
| 50:24 | CoterLee · wall_segment Stone Wall x1 |
| 50:35 | Dango · tribute_sent a jugador 1 |
| 50:35 | Dango · tribute_sent a jugador 2 |
| 50:35 | Dango · tribute_sent a jugador 3 |
| 50:35 | Dango · tribute_sent a jugador 4 |
| 50:35 | Dango · tribute_sent a jugador 5 |
| 50:35 | Dango · tribute_sent a jugador 6 |
| 50:35 | Dango · tribute_sent a jugador 8 |
| 50:35 | Oni.Nego · first_building Archery Range |
| 50:37 | [SEID]_Dracarys_ · wall_segment Stone Wall x5 |
| 50:43 | CoterLee · first_building Monastery |
| 50:58 | [SEID]PrimeroDeLínea · tribute_sent a jugador 1 |
| 50:58 | [SEID]PrimeroDeLínea · tribute_sent a jugador 2 |
| 50:58 | [SEID]PrimeroDeLínea · tribute_sent a jugador 3 |
| 50:58 | [SEID]PrimeroDeLínea · tribute_sent a jugador 4 |
| 50:58 | [SEID]PrimeroDeLínea · tribute_sent a jugador 5 |
| 50:58 | [SEID]PrimeroDeLínea · tribute_sent a jugador 7 |
| 50:58 | [SEID]PrimeroDeLínea · tribute_sent a jugador 8 |
| 51:01 | MatecociArg · tribute_sent a jugador 1 |
| 51:01 | MatecociArg · tribute_sent a jugador 2 |
| 51:01 | MatecociArg · tribute_sent a jugador 3 |
| 51:01 | MatecociArg · tribute_sent a jugador 4 |
| 51:01 | MatecociArg · tribute_sent a jugador 5 |
| 51:01 | MatecociArg · tribute_sent a jugador 6 |
| 51:01 | MatecociArg · tribute_sent a jugador 7 |
| 51:53 | CoterLee · wall_segment Stone Wall x1 |
| 52:30 | Dango · first_building Castle |
| 52:50 | Oni.Nego · resign |
[ ANÁLISIS IA · 1 CRÉDITO ]
¿Qué pasó realmente en esta partida?
Wolo.gg analiza cada decisión: build order, eco, micro, errores típicos por bracket. Análisis personalizado por WhatsApp o Discord en 30 segundos.
Guía civ
Vietnamitas
Perfil
Jugador #5800858